 Dungeon Crawl Stone Soup version 0.23.2-40-g277498a (webtiles) character file.

Game seed: 13532675077719973870

209270 Fang the Warrior (level 19, -5/133 HPs)
             Began as a Gargoyle Berserker on Oct 21, 2019.
             Was the Champion of Trog.
             Blown up by an orb spider (25 damage)
             ... with an orb of destruction
             ... on level 4 of the Spider Nest.
             The game lasted 00:50:40 (27187 turns).

Fang the Warrior (Gargoyle Berserker)              Turns: 27187, Time: 00:50:41

Health: -5/133     AC: 45    Str: 22    XL:     19   Next: 23%
Magic:  0/19       EV: 21    Int: 13    God:    Trog [******]
Gold:   2558       SH:  8    Dex: 25    Spells: 18/18 levels left

rFire    x . .     SeeInvis +   t - +9 executioner's axe "Jellyslayer" {flame, rC- rN+ Dex+4}
rCold    x . .     Gourm    .   (shield currently unavailable)
rNeg     + + .     Faith    .   i - +4 plate armour "Hiettearch" {SInv}
rPois    ∞         Spirit   +   J - +0 helmet "Mocvoose" {rElec Str-5 Dex+5 Stlth+}
rElec    +         Reflect  +   s - scarf {Spirit}
rCorr    .         Harm     .   z - +2 pair of gloves
MR       ++++.                  X - +4 pair of boots of Compression {Dex+7}
Stlth    ..........             V - brooch of Shielding {Reflect SH+8}
HPRegen  1.32/turn              T - ring of Intercession {rF- MR+ EV+2 Int+3}
MPRegen  0.16/turn              w - +3 ring of evasion

@: flying, regenerating
A: big wings, negative energy resistance 1, electricity resistance, unbreathing,
petrification resistance, rot immunity, AC +14
a: Stop Flying, Berserk, Trog's Hand, Brothers in Arms, Renounce Religion


You were on level 4 of the Spider Nest.
You worshipped Trog.
Trog was exalted by your worship.
You were hungry.

You visited 6 branches of the dungeon, and saw 29 of its levels.
You visited 1 bazaar.
You also visited: Trove, Ossuary, Bailey and Gauntlet.

You collected 3353 gold pieces.
You spent 795 gold pieces at shops.

Inventory:

Hand Weapons
 a - a +2 executioner's axe of freezing
 f - a +1 battleaxe of holy wrath
 m - the +12 battleaxe of Quick Death {flame, rC+}
   (Trog gifted it to you on level 2 of the Orcish Mines)

   It has been specially enchanted to burn those struck by it, causing extra
   injury to most foes and up to half again as much damage against particularly
   susceptible opponents.
   Big, fiery blades are also staple armaments of hydra-hunters.
   It protects you from cold.
 t - the +9 executioner's axe "Jellyslayer" (weapon) {flame, rC- rN+ Dex+4}
   (You found it in a treasure trove)

   It has been specially enchanted to burn those struck by it, causing extra
   injury to most foes and up to half again as much damage against particularly
   susceptible opponents.
   Big, fiery blades are also staple armaments of hydra-hunters.
   It affects your dexterity (+4).
   It makes you vulnerable to cold.
   It protects you from negative energy.
 L - the +2 broad axe "Gacwy" {chop, rElec Int+2 Dex+4}
   (You found it in a treasure trove)

   It inflicts extra damage upon your enemies.
   It affects your intelligence (+2).
   It affects your dexterity (+4).
   It insulates you from electricity.
 N - a +4 battleaxe of venom
 R - a +6 executioner's axe of electrocution
 Y - a +4 battleaxe of chopping
Armour
 b - a +3 plate armour of poison resistance
 h - the +0 pair of boots "Liboi" {rC+}
   (You found it in a Gauntlet)

   It protects you from cold.
 i - the +4 plate armour "Hiettearch" (worn) {SInv}
   (You found it on level 5 of the Lair of Beasts)

   It lets you see invisible.
 j - the +2 pair of boots "Kaoray" {Str+4}
   (You found it on level 9 of the Dungeon)

   It affects your strength (+4).
 o - the +3 warlock's mirror {reflect}
   (You bought it in a shop in a bazaar)
 s - a scarf of spirit shield (worn)
 z - a +2 pair of gloves (worn)
 J - the +0 helmet "Mocvoose" (worn) {rElec Str-5 Dex+5 Stlth+}
   (You found it on level 8 of the Dungeon)

   It affects your strength (-5).
   It affects your dexterity (+5).
   It insulates you from electricity.
   It makes you more stealthy.
 W - a +0 hat of intelligence
 X - the +4 pair of boots of Compression (worn) {Dex+7}
   (You found it on level 2 of the Lair of Beasts)

   It affects your dexterity (+7).
Jewellery
 k - an uncursed ring of resist corrosion
 w - a +3 ring of evasion (right hand)
 F - an uncursed amulet of regeneration
 T - the ring of Intercession (left hand) {rF- MR+ EV+2 Int+3}
   (You found it in a Gauntlet)

   [ring of evasion]

   It affects your evasion (+2).
   It affects your intelligence (+3).
   It makes you vulnerable to fire.
   It affects your resistance to hostile enchantments.
 V - the brooch of Shielding (around neck) {Reflect SH+8}
   (You found it in a Gauntlet)

   [amulet of reflection]

   It shields you and reflects attacks.
   It affects your SH (+8).
Wands
 e - a wand of paralysis (9)
 n - a wand of random effects (24)
 p - a wand of iceblast (10)
 q - a wand of disintegration (28)
 y - a wand of digging (6)
 D - a wand of enslavement (5)
 G - a wand of clouds (2)
 I - a wand of acid (8)
 Q - a wand of polymorph (8)
 Z - a wand of flame (14)
Scrolls
 d - 3 scrolls of identify
 l - 7 scrolls of magic mapping
 r - 12 scrolls of teleportation
 v - 3 scrolls of fog
 x - 8 scrolls of fear
 A - 3 scrolls of blinking
 H - 6 scrolls of remove curse
Potions
 g - 5 potions of ambrosia
 B - 3 potions of haste
 C - 2 potions of cancellation
 E - 7 potions of might
 K - 8 potions of curing
 M - 6 potions of heal wounds
 O - 2 potions of invisibility
 S - 2 potions of agility
 U - 2 potions of resistance
Comestibles
 c - 45 rations


   Skills:
 * Level 19.4 Fighting
 * Level 16.7 Axes
 + Level 14.5 Armour
 + Level 11.5 Dodging


You had 18 spell levels left.
You didn't know any spells.
Your spell library was empty.

Dungeon Overview and Level Annotations

Branches:
Dungeon (15/15)            Temple (1/1) D:4            Lair (6/6) D:11
 Shoals (0/4) Lair:3       Spider (4/4) Lair:2        Slime (1/5) Lair:5
    Orc (2/2) D:10            Elf (0/3) Orc:2        Vaults (0/5) D:13
 Depths (0/5) D:15

Altars:
Cheibriados
Dithmenos
Elyvilon
Fedhas
Gozag
Hepliaklqana
Kikubaaqudgha
Makhleb
Qazlal
Ru
Sif Muna
Trog
Uskayaw
Xom
Yredelemnul
Zin
Beogh

Shops:
D:2 *   D:6 %?   D:9 ?   D:11 [   Orc:2 [??(

Annotations:
D:11 exclusion: oklob plant
Spider:3 3 runed translucent doors, Maukyt's ghost, adept MfSk


Innate Abilities, Weirdness & Mutations

You are resistant to torment.
Your stone body is resilient. (AC +14)
You are immune to poison.
Your large and strong wings let you fly indefinitely.
You resist negative energy. (rN+)
You are resistant to electric shocks. (rElec)
You can survive without breathing.
You are immune to petrification.
You are immune to rotting.


Message History

The jumping spider leaps!
The wavering orb of destruction hits you!!
* * * LOW HITPOINT WARNING * * *
Your stone giant hits the orb spider!!!
The orb spider dies!
Trog accepts your kill. The jumping spider misses you.
The jumping spider completely misses you.
The orb spider begins to weave its threads into a brightly glowing ball.
The jumping spider leaps!
The orb spider weaves a glowing orb of energy.
The wavering orb of destruction weakly hits your stone giant!!
Your stone giant hits the orb spider!!!
The orb spider dies!
Trog accepts your kill.
The orb spider weaves a glowing orb of energy.
An orb of destruction comes into view.
The jumping spider leaps!
The orb of destruction hits you!!
You die...

.....^.....#..##..#
..................#
.^.^..............#
........)..†......#
..................#
.##...............#
..#.....^..†......#
............C°○...#
..≈.≈........s.○@.#
....s.............#
.#............^...#
###.≈≈............#
#^s##.^........^#
##†.#...........#
##^...^.....^..#
##*s.(........#
##...........#


You could see an orb spider and a friendly stone giant (berserk).

Vanquished Creatures
  Bai Suzhen (Spider:4)
  Arachne (Spider:3)
  Gastronok (Lair:3)
  2 orc warlords
  6 emperor scorpions
  2 ghost moths
  An ironheart preserver (D:13)
  2 entropy weavers
  Nessos (D:14)
  2 spark wasps
  A dire elephant (D:15)
  Snorg (D:12)
  A minotaur (Gauntlet)
  A fire dragon (Lair:6)
  Harold (Lair:2)
  5 hydras
  Erolcha (D:13)
  4 centaur warriors
  A death knight (D:12)
  8 death yaks
  18 two-headed ogres
  7 dancing weapons (Spider:1)
  4 ogre magi (Orc:2)
  2 tengu warriors (D:15)
  2 fire crabs (Gauntlet)
  5 skeletal warriors
  An unseen horror (D:14)
  Pikel (D:6)
  2 lindwurms (Lair:6)
  8 orb spiders
  2 orc knights (Bailey)
  35 wolf spiders
  A deep elf mage (D:13)
  An orc sorcerer (Orc:1)
  A salamander (D:15)
  13 ugly things
  4 cyclopes
  5 elephants (Lair:5)
  Joseph (D:8)
  2 black mambas
  An apocalypse crab (Gauntlet)
  5 torpor snails (Lair:6)
  A gargoyle (D:15)
  Maurice (D:9)
  13 spiny frogs
  2 kobold demonologists
  A tengu conjurer (D:15)
  A freezing wraith (D:12)
  2 rime drakes
  2 efreet
  9 demonic crawlers
  10 polar bears
  5 komodo dragons
  3 tyrant leeches (Lair:6)
  31 jumping spiders
  7 trolls
  3 slime creatures
  11 hornets
  6 dream sheep
  8 blink frogs
  7 hippogriffs
  2 raiju (Lair:6)
  A spriggan (Lair:3)
  30 tarantellas
  2 vampires
  32 yaks
  3 wraiths
  5 fire bats (Gauntlet)
  45 redbacks
  5 basilisks
  2 wyverns (D:14)
  2 hungry ghosts
  6 vampire mosquitoes (D:15)
  6 wargs
  An acid dragon (D:13)
  Duvessa (D:6)
  15 hell hounds
  7 water moccasins
  5 porcupines
  3 ice beasts
  A swamp drake (D:10)
  4 sky beasts
  A phantom (D:12)
  29 orc warriors
  13 black bears
  A slave (D:6)
  2 eyes of draining (D:13)
  3 necrophages
  13 wolves
  30 ogres
  13 centaurs
  10 crocodiles
  An elf zombie (Ossuary)
  Blork the orc (D:6)
  3 big kobolds
  19 bullfrogs
  A gnoll sergeant (D:10)
  Dowan (D:6)
  8 scorpions
  2 wyvern skeletons (D:8)
  7 killer bees (D:12)
  5 wights (D:10)
  2 electric eels
  3 howler monkeys (D:8)
  13 crimson imps
  A bullfrog zombie (D:13)
  2 centaur zombies
  5 hounds
  2 quasits
  An iron imp (D:5)
  21 orc priests
  4 jellies
  Crazy Yiuf (D:5)
  6 bullfrog skeletons
  24 orc wizards
  5 centaur skeletons
  7 iguanas
  6 worker ants
  A hound zombie (D:4)
  A hound skeleton (D:5)
  3 mummies (Ossuary)
  Robin (D:3)
  16 gnolls
  10 adders
  12 white imps (Lair:1)
  An adder zombie (D:8)
  2 adder skeletons
  2 dart slugs
  10 leopard geckos
  98 orcs
  11 giant cockroaches
  34 goblins
  25 hobgoblins
  6 jackals (D:3)
  3 quokkas
  A ball python (D:6)
  9 bats
  3 frilled lizards
  A gnoll zombie (Ossuary)
  2 goblin zombies (Ossuary)
  2 hobgoblin zombies (Ossuary)
  23 kobolds
  4 kobold zombies (Ossuary)
  A quokka skeleton (D:4)
  9 rats
  2 fungi
  9 plants
1033 creatures vanquished.

Vanquished Creatures (collateral kills)
  6 orb spiders
  2 wolf spiders (Spider:4)
  A moth of wrath (Spider:2)
  A jumping spider (Spider:2)
  5 slime creatures (D:10)
15 creatures vanquished.

Vanquished Creatures (others)
  A tarantella (Spider:2)
  2 slaves (D:6)
  A centaur (D:15)
  An orc (D:14)
  A fungus (Lair:5)
  13 plants
19 creatures vanquished.

Grand Total: 1067 creatures vanquished

Notes
Turn   | Place    | Note
-------+----------+-------------------------------------------
     0 | D:1      | Fang the Gargoyle Berserker began the quest for the Orb.
     0 | D:1      | Reached XP level 1. HP: 14/14 MP: 1/1
   115 | D:1      | Reached XP level 2. HP: 18/19 MP: 2/2
   449 | D:1      | Reached XP level 3. HP: 21/23 MP: 3/3
  1002 | D:2      | Reached ** piety under Trog
  1033 | D:2      | Found Zin's Purification Station.
  1034 | D:2      | Found a glowing silver altar of Zin.
  1043 | D:2      | Reached XP level 4. HP: 18/29 MP: 4/4
  1178 | D:2      | Reached skill level 4 in Fighting
  1220 | D:2      | Found a stormy altar of Qazlal.
  1220 | D:2      | Found a hide-covered altar of Uskayaw.
  1221 | D:2      | Found a blossoming altar of Fedhas.
  1223 | D:2      | Found a white marble altar of Elyvilon.
  1298 | D:2      | Found a shadowy altar of Dithmenos.
  1399 | D:2      | Found a sacrificial altar of Ru.
  1713 | D:3      | Reached XP level 5. HP: 33/33 MP: 5/5
  1750 | D:3      | Found a bloodstained altar of Trog.
  2121 | D:3      | Noticed Robin
  2128 | D:3      | Reached *** piety under Trog
  2140 | D:3      | Killed Robin
  2743 | D:4      | Found a staircase to the Ecumenical Temple.
  2874 | D:4      | Reached XP level 6. HP: 22/39 MP: 3/6
  3066 | Temple   | Entered the Ecumenical Temple
  3126 | D:4      | Found a shimmering altar of Xom.
  3307 | D:5      | Entered Level 5 of the Dungeon
  3325 | D:5      | Reached skill level 5 in Fighting
  3396 | D:5      | Reached XP level 7. HP: 24/44 MP: 4/7
  3726 | D:5      | Found a snail-covered altar of Cheibriados.
  3739 | D:5      | Reached skill level 6 in Fighting
  3739 | D:5      | Reached skill level 5 in Axes
  3823 | D:5      | Reached XP level 8. HP: 51/51 MP: 6/8
  3832 | D:5      | Reached **** piety under Trog
  4087 | D:5      | Found a runed translucent door.
  4088 | D:5      | Noticed Crazy Yiuf
  4276 | D:5      | Killed Crazy Yiuf
  4276 | D:5      | Reached skill level 5 in Armour
  4313 | D:6      | Found Qoopn's Food Emporium.
  4417 | D:6      | Noticed Pikel
  4422 | D:6      | Reached skill level 7 in Fighting
  4442 | D:6      | Killed Pikel
  4442 | D:6      | Reached XP level 9. HP: 21/59 MP: 7/9
  4499 | D:6      | Reached skill level 8 in Fighting
  4572 | D:6      | Noticed Blork the orc
  4577 | D:6      | Killed Blork the orc
  4663 | D:6      | Noticed Duvessa
  4663 | D:6      | Noticed Dowan
  4682 | D:6      | Killed Duvessa
  4687 | D:6      | Killed Dowan
  4699 | D:6      | Found an ancient bone altar of Kikubaaqudgha.
  4755 | D:6      | Found Wogus's Magic Scroll Shop.
  4890 | D:6      | Found a glowing drain.
  4977 | D:6      | Found a basalt altar of Yredelemnul.
  5235 | D:6      | Found a bloodstained altar of Trog.
  5303 | D:6      | Found a burning altar of Makhleb.
  5492 | D:7      | Reached skill level 9 in Fighting
  5684 | D:7      | Found a hazy altar of Hepliaklqana.
  5926 | D:8      | Reached skill level 5 in Dodging
  5984 | D:8      | Reached XP level 10. HP: 66/66 MP: 10/10
  5996 | D:8      | Reached ***** piety under Trog
  5999 | D:8      | Noticed Joseph
  6012 | D:8      | Killed Joseph
  6043 | D:8      | Got a smoking helmet
  6054 | D:8      | Identified the cursed +0 helmet "Mocvoose" {rElec Str-5
                  | Dex+5 Stlth+} (You found it on level 8 of the Dungeon)
  6118 | D:8      | Found an opulent altar of Gozag.
  6440 | D:8      | Found a sand-covered staircase.
  6470 | Ossuary  | Entered an ossuary
  6529 | Ossuary  | Reached skill level 10 in Fighting
  7131 | D:9      | Found Rarchon's Magic Scroll Boutique.
  7232 | D:9      | Noticed Maurice
  7505 | D:9      | Got a pair of polished boots
  7511 | D:9      | Identified the +2 pair of boots "Kaoray" {Str+4} (You found
                  | it on level 9 of the Dungeon)
  7679 | D:9      | Found a deep blue altar of Sif Muna.
  7736 | D:9      | Killed Maurice
  8099 | D:10     | Entered Level 10 of the Dungeon
  8172 | D:10     | Identified a scroll of acquirement
  8230 | D:10     | Received a gift from Trog
  8276 | D:10     | Reached XP level 11. HP: 50/73 MP: 5/11
  8283 | D:10     | Reached skill level 11 in Fighting
  8623 | D:10     | Found a staircase to the Orcish Mines.
  8741 | D:10     | Found a portal to a secret trove of treasure.
  9285 | D:11     | Found Jerosiw's Armour Boutique.
  9366 | D:9      | Bought a scroll of blinking for 82 gold pieces
  9443 | D:10     | You paid a toll of 4 scrolls of blinking to enter a
                  | treasure trove
  9444 | Trove    | Entered a treasure trove
  9464 | Trove    | Got a pitted executioner's axe
  9470 | Trove    | Got an ancient falchion
  9474 | Trove    | Got an iridescent broad axe
  9500 | D:10     | Identified the +9 executioner's axe "Jellyslayer" {flame,
                  | rC- rN+ Dex+4} (You found it in a treasure trove)
  9504 | D:10     | Identified the +2 broad axe "Gacwy" {chop, rElec Int+2
                  | Dex+4} (You found it in a treasure trove)
  9855 | D:11     | Found a staircase to the Lair.
  9873 | D:11     | Noticed a red ugly thing
  9882 | D:11     | Killed a red ugly thing
  9882 | D:11     | Reached skill level 10 in Axes
  9899 | D:11     | Noticed a two-headed ogre
  9904 | D:11     | Killed a two-headed ogre
 10074 | D:11     | Reached skill level 12 in Fighting
 10091 | D:11     | Found a blossoming altar of Fedhas.
 10102 | D:11     | Noticed an oklob plant
 10221 | D:12     | Noticed Snorg
 10224 | D:12     | Received a gift from Trog
 10231 | D:12     | Killed Snorg
 10231 | D:12     | Reached XP level 12. HP: 81/81 MP: 9/12
 10608 | D:12     | Noticed a two-headed ogre
 10610 | D:12     | Killed a two-headed ogre
 10863 | D:12     | Noticed a two-headed ogre
 10869 | D:12     | Killed a two-headed ogre
 10950 | D:12     | Noticed a death knight
 10959 | D:12     | Killed a death knight
 10964 | D:12     | Reached skill level 13 in Fighting
 11549 | Lair:1   | Entered Level 1 of the Lair of Beasts
 11888 | Lair:1   | Found a frozen archway.
 11909 | Lair:1   | Found a gate leading to a gauntlet.
 11922 | Gauntlet | Entered a Gauntlet
 11922 | Gauntlet | Found a transporter.
 11934 | Gauntlet | Found a transporter.
 11935 | Gauntlet | Found a transporter.
 11953 | Gauntlet | Found a transporter.
 11955 | Gauntlet | Found a transporter.
 11959 | Gauntlet | Noticed a death ooze
 11971 | Gauntlet | Found a transporter.
 11993 | Gauntlet | Found a transporter.
 12000 | Gauntlet | Found the brooch of Shielding {Reflect SH+8}
 12000 | Gauntlet | Found a transporter.
 12005 | Gauntlet | Found a transporter.
 12005 | Gauntlet | Found a transporter.
 12033 | Gauntlet | Found a transporter.
 12035 | Gauntlet | Found a transporter.
 12069 | Gauntlet | Found a runed translucent gate.
 12070 | Gauntlet | Found a transporter.
 12070 | Gauntlet | Found a runed translucent gate.
 12070 | Gauntlet | Noticed a two-headed ogre
 12070 | Gauntlet | an elephant changed into a two-headed ogre
 12071 | Gauntlet | Found a runed translucent gate.
 12071 | Gauntlet | a two-headed ogre changed into a floating eye
 12085 | Gauntlet | Found a transporter.
 12086 | Gauntlet | Noticed a shock serpent
 12086 | Gauntlet | a glowing orange brain changed into a shock serpent
 12088 | Gauntlet | a shock serpent changed into a glowing orange brain
 12093 | Gauntlet | Noticed a two-headed ogre
 12093 | Gauntlet | an eye of devastation changed into a two-headed ogre
 12422 | Gauntlet | Got a pair of jewelled boots
 12521 | Gauntlet | Got a translucent platinum ring
 12580 | Gauntlet | Noticed a minotaur
 12588 | Gauntlet | Killed a minotaur
 12588 | Gauntlet | Reached skill level 10 in Armour
 12588 | Gauntlet | Reached XP level 13. HP: 38/88 MP: 3/13
 12954 | Lair:1   | Identified the +0 pair of boots "Liboi" {rC+} (You found it
                  | in a Gauntlet)
 12955 | Lair:1   | Identified the ring of Intercession {rF- MR+ EV+2 Int+3}
                  | (You found it in a Gauntlet)
 13343 | Lair:2   | Noticed Harold
 13356 | Lair:2   | Killed Harold
 13522 | Lair:2   | Got a pair of twisted boots
 13533 | Lair:2   | Identified the +4 pair of boots of Compression {Dex+7} (You
                  | found it on level 2 of the Lair of Beasts)
 13663 | Lair:2   | Found a hole to the Spider Nest.
 13672 | Lair:2   | Reached ****** piety under Trog
 13711 | Lair:2   | You fall through a shaft for 2 floors!
 13836 | Lair:4   | Reached skill level 14 in Fighting
 14159 | Lair:4   | Received a gift from Trog
 14723 | Lair:3   | Noticed Gastronok
 14733 | Lair:3   | Killed Gastronok
 14890 | Lair:3   | Found a staircase to the Shoals.
 15832 | Spider:1 | Entered Level 1 of the Spider Nest
 16220 | Lair:5   | Found a staircase to the Slime Pits.
 16282 | Lair:5   | Gained mutation: Your large and strong wings let you fly
                  | indefinitely. [Gargoyle growth]
 16282 | Lair:5   | Reached XP level 14. HP: 96/96 MP: 14/14
 16433 | Lair:5   | Got a polished plate armour
 16444 | Lair:5   | Identified the +4 plate armour "Hiettearch" {SInv} (You
                  | found it on level 5 of the Lair of Beasts)
 16739 | Slime:1  | Entered Level 1 of the Pits of Slime
 16758 | Lair:6   | Entered Level 6 of the Lair of Beasts
 16771 | Lair:6   | Reached skill level 15 in Fighting
 17654 | Lair:6   | Received a gift from Trog
 17657 | Lair:6   | Got a shimmering battleaxe {god gift}
 17658 | Lair:6   | Identified the +3 battleaxe "Dragonbane" {chop, Fragile
                  | +Inv Dex+3 Stlth+} (Trog gifted it to you on level 6 of the
                  | Lair of Beasts)
 17937 | Lair:6   | Found a runed translucent door.
 18736 | D:13     | Received a gift from Trog
 18905 | D:13     | Found a flagged portal.
 18999 | Bailey   | Entered a bailey
 19083 | Bailey   | Reached skill level 16 in Fighting
 19083 | Bailey   | Reached XP level 15. HP: 104/104 MP: 15/15
 19175 | Bailey   | Noticed an orc warlord
 19185 | Bailey   | Killed an orc warlord
 19250 | Bailey   | Reached XP level 16. HP: 111/111 MP: 16/16
 19251 | Bailey   | Reached XP level 17. HP: 116/116 MP: 17/17
 19366 | D:13     | Noticed Erolcha
 19370 | D:13     | Killed Erolcha
 19423 | D:13     | Found a gate to the Vaults.
 19511 | D:13     | Reached skill level 10 in Dodging
 19706 | D:13     | Found a shimmering altar of Xom.
 19882 | D:14     | Reached skill level 17 in Fighting
 19992 | D:14     | Noticed Nessos
 20008 | D:14     | Killed Nessos
 20008 | D:14     | Received a gift from Trog
 20138 | D:14     | You are sucked into a shaft!
 20138 | D:15     | Entered Level 15 of the Dungeon
 20251 | D:15     | Found a staircase to the Depths.
 20414 | D:15     | Reached skill level 15 in Axes
 21046 | Orc:1    | Entered Level 1 of the Orcish Mines
 21104 | Orc:1    | Received a gift from Trog
 21228 | Orc:1    | Found a burning altar of Makhleb.
 21655 | Orc:2    | Entered Level 2 of the Orcish Mines
 21834 | Orc:2    | Found a flickering gateway to a bazaar.
 21852 | Bazaar   | Entered a bazaar
 21852 | Bazaar   | Found Wavukeg's Weapon Shoppe.
 21860 | Bazaar   | Found Uxynuor's Armour Shop.
 21864 | Bazaar   | Found Deneam's Food Boutique.
 21868 | Bazaar   | Bought the +3 warlock's mirror {reflect} for 480 gold
                  | pieces
 21868 | Bazaar   | Found the +3 warlock's mirror {reflect}
 21871 | Bazaar   | Found Gebuiffa's Assorted Antiques.
 21905 | Bazaar   | Found Leps's Assorted Antiques.
 21967 | Orc:2    | Received a gift from Trog
 22018 | Orc:2    | Reached skill level 18 in Fighting
 22020 | Orc:2    | Paralysed by an ogre mage for 6 turns
 22026 | Orc:2    | Reached XP level 18. HP: 88/125 MP: 12/18
 22105 | Orc:2    | Got a faintly glowing battleaxe {god gift}
 22106 | Orc:2    | Identified the +12 battleaxe of Quick Death {flame, rC+}
                  | (Trog gifted it to you on level 2 of the Orcish Mines)
 22143 | Orc:2    | Found Lauk's Magic Scroll Emporium.
 22143 | Orc:2    | Found Wuh Qus's Antique Weapon Shop.
 22144 | Orc:2    | Found Relush's Antique Armour Boutique.
 22144 | Orc:2    | Found Wino's Magic Scroll Emporium.
 22151 | Orc:2    | Bought a scroll of blinking for 97 gold pieces
 22151 | Orc:2    | Bought a scroll of blinking for 97 gold pieces
 22151 | Orc:2    | Bought a scroll of teleportation for 39 gold pieces
 22247 | Orc:2    | Found a staircase to the Elven Halls.
 22274 | Orc:2    | Found a roughly hewn altar of Beogh.
 22683 | Spider:1 | You are sucked into a shaft!
 22694 | Spider:2 | Received a gift from Trog
 23040 | Spider:2 | You are sucked into a shaft!
 23107 | Spider:3 | Found a runed translucent gate.
 23107 | Spider:3 | Found a runed translucent gate.
 23107 | Spider:3 | Found a runed translucent gate.
 23110 | Spider:3 | Noticed Maukyt's ghost (adept MfSk)
 23235 | Spider:3 | Noticed Arachne
 23262 | Spider:3 | Killed Arachne
 24353 | Spider:2 | Received a gift from Trog
 25394 | Spider:1 | Found a runed translucent door.
 25684 | Spider:1 | Reached skill level 19 in Fighting
 25874 | Spider:4 | Entered Level 4 of the Spider Nest
 26152 | Spider:4 | Reached XP level 19. HP: 106/133 MP: 9/19
 26222 | Spider:4 | HP: 2/133 [emperor scorpion (5)]
 26981 | Spider:4 | Noticed Bai Suzhen
 27006 | Spider:4 | Killed Bai Suzhen
 27187 | Spider:4 | Blown up by an orb spider

Skill      XL: |  1  2  3  4  5  6  7  8  9 10 11 12 13 14 15 16 17 18 |
---------------+-------------------------------------------------------+-----
Axes           | 3 4 5 6 7 9 10 11 12 13 14 15 16 | 16.7
Dodging        | 2 3 4 5 6 7 8 9 10 11 | 11.5
Fighting       | 4 5 6 7 9 10 12 13 14 16 18 19 | 19.4
Armour         | 3 4 5 6 7 9 10 11 12 13 14 | 14.5

Action                   |  1- 3 |  4- 6 |  7- 9 | 10-12 | 13-15 | 16-18 | 19-21 || total
-------------------------+-------+-------+-------+-------+-------+-------+-------++-------
Melee: Hand axe          |    85 |   234 |       |       |       |       |       ||   319
       War axe           |       |    36 |   363 |   328 |       |       |       ||   727
       Battleaxe         |       |       |       |   127 |       |    11 |       ||   138
       Executioner's axe |       |       |       |   189 |   457 |   704 |    96 ||  1446
Invok: Berserk           |     1 |     6 |     5 |     5 |     6 |     2 |     2 ||    27
       Trog's Hand       |       |       |     1 |       |       |     1 |     1 ||     3
       Brothers in Arms  |       |       |       |     1 |       |     2 |     2 ||     5
 Abil: Fly               |       |       |       |       |     1 |       |       ||     1
  Use: Scroll            |       |       |       |    31 |     8 |     5 |     1 ||    45
       Potion            |       |       |       |       |     1 |     2 |     2 ||     5
 Stab: Sleeping          |     3 |       |       |       |       |       |       ||     3
       Confused          |       |       |       |     2 |       |       |       ||     2
       Held in net/web   |       |       |       |       |       |       |     2 ||     2
  Eat: Chunk             |     2 |    12 |    13 |    20 |    28 |    22 |     3 ||   100
       Ration            |       |       |       |     3 |       |     1 |     1 ||     5
Armor: Animal skin       |    26 |    11 |       |       |       |       |       ||    37
       Chain mail        |       |   175 |   334 |    89 |       |       |       ||   598
       Plate armour      |       |       |       |   409 |   356 |   708 |   102 ||  1575
Dodge: Dodged            |    61 |   164 |   169 |   398 |   511 |   996 |   107 ||  2406
Block: Other             |       |       |    18 |   108 |   271 |   449 |    58 ||   904
       Reflection        |       |       |       |     2 |       |    15 |       ||    17
